 Dungeon Crawl Stone Soup version 0.30-a0-377-g5cb311bc9f (webtiles) character file.

Game seed: 7440618987461375744

1917351 jfcaron the Gnoll Blade (level 27, 226/226 HPs)
             Began as a Gnoll Reaver on Nov 24, 2022.
             Was the Champion of Cheibriados.
             Escaped with the Orb
             ... and 4 runes on Nov 28, 2022!
             The game lasted 08:05:24 (100114 turns).

jfcaron the Gnoll Blade (Gnoll Reaver)            Turns: 100114, Time: 08:05:25

Health: 226/226    AC: 34    Str: 29    XL:     27
Magic:  47/47      EV: 33    Int: 57    God:    Cheibriados [******]
Gold:   3117       SH:  0    Dex: 28    Spells: 2/67 levels left

rFire   . . .      SeeInvis .    b - +4 dagger "Morg" {pain, Will+ Int+5}
rCold   + + .      Faith    .    y - +3 buckler {AC+3}
rNeg    + . .      Spirit   .    U - +4 acid dragon scales of Tymacw {rCorr Str-3 Int+6 Slay+2}
rPois   .          Reflect  .    h - +2 hood of the Assassin {Detection Stab+ Stlth++}
rElec   .          Harm     .    o - +4 dragonskin cloak
rCorr   +          Rampage  .    d - +2 pair of gloves {hurl}
Will    +++++      Clarity  +    i - +2 pair of boots
Stlth   ++........               m - amulet of the Four Winds {rN+ Will+++ Clar}
HPRegen 0.57/turn                u - ring "Dawilo" {Will+ Int+6}
MPRegen 0.30/turn                X - ring "Dojourap" {rC++ Int+6 Slay+2 Stlth+}

@: confused, ambrosia-drunk, studying 6 skills, very slow
A: fangs 1, strong nose, distributed training, horns 2, berserk 1
0: Orb of Zot
}: 4/15 runes: barnacled, slimy, silver, gossamer
a: Renounce Religion, Bend Time, Temporal Distortion, Slouch, Step From Time


You escaped.
You worshipped Cheibriados.
Cheibriados was exalted by your worship.
You visited 12 branches of the dungeon, and saw 56 of its levels.
You also visited: Bailey, Gauntlet and Volcano.

You collected 11155 gold pieces.
You spent 8038 gold pieces at shops.

Inventory:

Hand Weapons
 a - the +10 morningstar "Eos" {elec, Halo rElec}
   (You found it in a bailey)

   It occasionally discharges a powerful burst of electricity upon striking a
   foe.
   It grants its wielder a halo, revealing invisible creatures and increasing
   accuracy against all within it other than the wielder.
   rElec:     It insulates you from electricity.
 b - the +4 dagger "Morg" (weapon) {pain, Will+ Int+5}
   (You found it on level 3 of the Crypt)

   In the hands of one skilled in necromantic magic, it inflicts extra damage on
   living creatures.
   Int:       It affects your intelligence (+5).
   Will:      It increases your willpower.
Missiles
 A - 11 throwing nets {!f}
 B - 10 curare-tipped darts {!f}
 H - 13 boomerangs of dispersal {!f}
 T - 11 javelins
 V - 13 silver javelins {!f}
Armour
 d - a +2 pair of gloves of hurling (worn)
 h - the +2 hood of the Assassin (worn) {Detection Stab+ Stlth++}
   (You found it on level 5 of the Vaults)

   It allows the wearer to sense nearby creatures.
   It allows the wearer to make particularly effective stabbing attacks against
   helpless or unaware enemies with any weapon.
   Stlth:     It makes you much more stealthy.
 i - a +2 pair of boots (worn)
 o - the +4 dragonskin cloak (worn)
   (You took it off Tiamat on level 4 of the Realm of Zot)

   It grants the wearer a chance to resist fire, cold, poison, electricity,
   acid, and negative energy.
 y - a +3 buckler of protection (worn)
 U - the +4 acid dragon scales of Tymacw (worn) {rCorr Str-3 Int+6 Slay+2}
   (You took it off a centaur warrior on level 15 of the Dungeon)

   Str:       It affects your strength (-3).
   Int:       It affects your intelligence (+6).
   Slay:      It affects your accuracy & damage with ranged weapons and melee
   (+2).
   rCorr:     It protects you from acid and corrosion.
Jewellery
 g - a ring of protection from fire
 m - the amulet of the Four Winds (around neck) {rN+ Will+++ Clar}
   (You took it off a vault sentinel on level 5 of the Vaults)

   [amulet of nothing]

   rN:        It protects you from negative energy.
   Clar:      It protects you against confusion.
   Will:      It greatly increases your willpower.
 u - the ring "Dawilo" (left hand) {Will+ Int+6}
   (You found it on level 12 of the Dungeon)

   [ring of willpower]

   Int:       It affects your intelligence (+6).
   Will:      It increases your willpower.
 X - the ring "Dojourap" (right hand) {rC++ Int+6 Slay+2 Stlth+}
   (You took it off an ironbound preserver on level 5 of the Vaults)

   [ring of intelligence]

   Int:       It affects your intelligence (+6).
   Slay:      It affects your accuracy & damage with ranged weapons and melee
   (+2).
   rC:        It greatly protects you from cold.
   Stlth:     It makes you more stealthy.
Wands
 j - a wand of paralysis (25)
 w - a wand of digging (4)
 x - a wand of acid (36)
 L - a wand of iceblast (17)
 R - a wand of mindburst (24)
 S - a wand of polymorph (18)
Scrolls
 k - 8 scrolls of magic mapping
 r - 8 scrolls of vulnerability
 s - 6 scrolls of immolation
 t - 11 scrolls of poison
 C - 12 scrolls of fear
 E - 18 scrolls of butterflies
 G - 8 scrolls of blinking
 O - 7 scrolls of silence
 Z - 29 scrolls of teleportation
Potions
 c - 10 potions of ambrosia
 e - 12 potions of lignification
 f - 2 potions of resistance
 l - 8 potions of magic
 n - 5 potions of mutation
 p - 12 potions of cancellation
 q - 7 potions of might
 v - 7 potions of attraction
 z - 29 potions of curing
 I - 17 potions of heal wounds
 J - 6 potions of brilliance
 K - 6 potions of invisibility
 M - 5 potions of berserk rage
 N - 8 potions of haste
 W - 2 potions of flight
Miscellaneous
 D - a lightning rod (4/4)
 F - a phial of floods
 P - a condenser vane
 Q - a phantom mirror
 Y - a box of beasts (inert)


   Skills:
 + Level 20.4 Fighting
 + Level 19.9 Short Blades
 + Level 23.6 Long Blades
 + Level 19.9 Axes
 + Level 21.9 Maces & Flails
 + Level 20.8 Polearms
 + Level 19.9 Staves
 + Level 19.9 Ranged Weapons
 + Level 19.9 Throwing
 + Level 21.3 Armour
 + Level 20.4 Dodging
 + Level 19.9 Stealth
 + Level 22.6 Shields
 + Level 19.9 Unarmed Combat
 + Level 20.5 Spellcasting
 + Level 22.1 Conjurations
 + Level 17.0 Hexes
 + Level 17.0 Summonings
 + Level 17.0 Necromancy
 + Level 17.0 Translocations
 + Level 17.0 Transmutations
 + Level 17.0 Fire Magic
 + Level 17.0 Ice Magic
 + Level 20.9 Air Magic
 + Level 17.0 Earth Magic
 + Level 17.0 Poison Magic
 + Level 21.5 Invocations
 + Level 19.9 Evocations


You had 2 spell levels left.
You knew the following spells:

 Your Spells              Type           Power      Damage    Failure   Level
a - Iron Shot             Conj/Erth      68%        9d13      0%          6
b - Tukima's Dance        Hex            100%       N/A       0%          3
c - Hailstorm             Conj/Ice       100%       3d20      0%          3
d - Dispel Undead         Necr           100%       3d31      0%          4
e - Spellforged Servitor  Conj/Summ      68%        N/A       1%          7
f - Lehudib's Crystal Sp  Conj/Erth      68%        10d15     1%          8
g - Infestation           Necr           64%        N/A       1%          8
h - Apportation           Tloc           100%       N/A       0%          1
i - Fireball              Conj/Fire      68%        3d26      0%          5
j - Freezing Cloud        Conj/Ice/Air   68%        6-21      0%          5
k - Borgnjor's Vile Clut  Necr/Erth      64%        N/A       0%          5
l - Statue Form           Tmut/Erth      86%        N/A       1%          6
m - Blink                 Tloc           100%       N/A       0%          2
n - Passwall              Tmut/Erth      100%       N/A       0%          2

Your spell library contained the following spells:

 Spells                   Type           Power      Damage    Failure   Level
 Foxfire                  Conj/Fire      100%       2x1d9     0%          1
 Freeze                   Ice            100%       1d10      0%          1
 Kiss of Death            Conj/Necr      100%       2d13      0%          1
 Magic Dart               Conj           100%       1d8       0%          1
 Necrotise                Necr           100%       1d9       0%          1
 Sandblast                Erth           100%       2d20      0%          1
 Slow                     Hex            100%       N/A       0%          1
 Summon Small Mammal      Summ           100%       N/A       0%          1
 Call Imp                 Summ           100%       N/A       0%          2
 Cigotuvi's Dreadful Rot  Necr/Pois/Air  100%       N/A       0%          2
 Ensorcelled Hibernation  Hex/Ice        100%       N/A       0%          2
 Momentum Strike          Conj/Tloc      100%       3d10      0%          2
 Poisonous Vapours        Pois/Air       100%       N/A       0%          2
 Sublimation of Blood     Necr           100%       N/A       0%          2
 Wereblood                Tmut           100%       N/A       0%          2
 Call Canine Familiar     Summ           100%       N/A       0%          3
 Confusing Touch          Hex            100%       N/A       0%          3
 Dazzling Flash           Conj/Hex       100%       N/A       0%          3
 Frozen Ramparts          Ice            100%       1d16      0%          3
 Gell's Gravitas          Tloc           100%       N/A       0%          3
 Ignite Poison            Fire/Tmut/Pois 100%       N/A       0%          3
 Inner Flame              Hex/Fire       100%       N/A       0%          3
 Kindle Blastsparks       Fire/Tloc/Air  100%       2d18      0%          3
 Lesser Beckoning         Tloc           100%       N/A       0%          3
 Mephitic Cloud           Conj/Pois/Air  100%       N/A       0%          3
 Portal Projectile        Hex/Tloc       100%       N/A       0%          3
 Spider Form              Tmut/Pois      100%       N/A       0%          3
 Stone Arrow              Conj/Erth      100%       3d13      0%          3
 Summon Guardian Golem    Hex/Summ       100%       N/A       0%          3
 Swiftness                Air            100%       N/A       0%          3
 Teleport Other           Tloc           100%       N/A       0%          3
 Vhi's Electric Charge    Tloc/Air       100%       N/A       0%          3
 Anguish                  Hex/Necr       64%        N/A       0%          4
 Animate Armour           Summ/Erth      100%       N/A       0%          4
 Animate Dead             Necr           100%       N/A       0%          4
 Cause Fear               Hex            64%        N/A       0%          4
 Flame Wave               Conj/Fire      100%       2d21      0%          4
 Fulminant Prism          Conj/Hex       68%        3d27      0%          4
 Ice Form                 Ice/Tmut       100%       N/A       0%          4
 Iskenderun's Mystic Bla  Conj/Tloc      100%       2d19      0%          4
 Leda's Liquefaction      Hex/Erth       64%        N/A       0%          4
 Manifold Assault         Tloc           100%       N/A       0%          4
 Petrify                  Tmut/Erth      100%       N/A       0%          4
 Sticky Flame             Conj/Fire      100%       2d11      0%          4
 Summon Ice Beast         Ice/Summ       100%       N/A       0%          4
 Summon Lightning Spire   Summ/Air       100%       N/A       0%          4
 Agony                    Necr           100%       N/A       0%          5
 Alistair's Intoxication  Tmut/Pois      86%        N/A       0%          5
 Blade Hands              Tmut           64%        N/A       0%          5
 Irradiate                Conj/Tmut      68%        3d34      0%          5
 Iskenderun's Battlesphe  Conj           100%       2d15      0%          5
 Lee's Rapid Deconstruct  Erth           64%        3d29*     0%          5
 Metabolic Englaciation   Hex/Ice        64%        N/A       0%          5
 Silence                  Hex/Air        67%        N/A       0%          5
 Yara's Violent Unravell  Hex/Tmut       64%        3d24      0%          5
 Starburst                Conj/Fire      68%        6d18      0%          6
 Death Channel            Necr           64%        N/A       1%          6
 Dispersal                Tloc           64%        N/A       1%          6
 Eringya's Noxious Bog    Tmut/Pois      64%        N/A       1%          6
 Enfeeble                 Hex            64%        N/A       1%          7
 Haunt                    Necr/Summ      64%        N/A       1%          7
 Malign Gateway           Summ/Tloc      64%        N/A       1%          7
 Orb of Destruction       Conj           71%        9d16      1%          7
 Storm Form               Tmut/Air       67%        N/A       1%          7
 Summon Hydra             Summ           64%        N/A       1%          7
 Borgnjor's Revivificati  Necr           64%        N/A       1%          8
 Discord                  Hex            64%        N/A       1%          8
 Disjunction              Tloc           64%        N/A       1%          8
 Maxwell's Capacitive Co  Air            69%        ∞         1%          8
 Necromutation            Tmut/Necr      64%        N/A       1%          8
 Summon Horrible Things   Summ           64%        N/A       1%          8
 Chain Lightning          Conj/Air       70%        3d94      3%          9
 Fire Storm               Conj/Fire      68%        8d17      7%          9
 Death's Door             Necr           64%        N/A       21%         9
 Shatter                  Erth           64%        3d48*     21%         9


Dungeon Overview and Level Annotations

Branches:
Dungeon (15/15)            Temple (1/1) D:5            Lair (5/5) D:9
 Shoals (4/4) Lair:2       Spider (4/4) Lair:2        Slime (5/5) Lair:4
    Orc (2/2) D:11            Elf (3/3) Orc:2        Vaults (5/5) D:13
  Crypt (3/3) Vaults:3       Tomb (0/3) Crypt:3      Depths (4/4) D:15
    Zot (5/5) Depths:4     Bailey (visited)         Volcano (visited)
Gauntlet (visited)

Altars:
Ashenzari
Cheibriados
Dithmenos
Elyvilon
Fedhas
Gozag
Hepliaklqana
Kikubaaqudgha
Makhleb
Nemelex Xobeh
Okawaru
Qazlal
Ru
Sif Muna
Trog
Uskayaw
Vehumet
Wu Jian
Xom
Yredelemnul
Zin
The Shining One
Jiyva

Shops:
D:10 *   D:11 [   D:14 :   D:15 (?[   Orc:2 !([**   Elf:2 (*=?   Elf:3 [
Depths:1 *(   Depths:3 *

Portals:
Hell: Lair:5 Depths:1 Depths:2 Depths:3 Depths:4
Abyss: Depths:3
Pandemonium: Depths:2 Depths:4
Ziggurat: Depths:2

Annotations:
Depths:2 gold dragon scales


Innate Abilities, Weirdness & Mutations

You have very sharp teeth.
Your uncanny sense of smell can sniff out nearby items.
Your experience applies equally to all skills.
You have a pair of horns on your head.
You sometimes lose your temper in combat.


Message History

There is a stone staircase leading up, spattered with blood here.
You climb upwards.
There is a stone staircase leading down here.
Magic restored.
A tormentor comes into view.
Casting: Iron Shot (safe; 0% risk of failure)
Confirm with . or Enter, or press ? or * to list all spells.
Aiming: Borgnjor's Vile Clutch (safe; 0% risk of failure)
Press: ? - help, Shift-Dir - straight line, f - tormentor
Aim: a tormentor (100% to hit)
Zombie hands grab the tormentor.
The zombie hands constrict the tormentor!
Unknown command.
The zombie hands constrict the tormentor!!
The tormentor struggles to escape constriction. x2
Casting: Borgnjor's Vile Clutch (safe; 0% risk of failure)
Confirm with . or Enter, or press ? or * to list all spells.
Aiming: Iron Shot (safe; 0% risk of failure)
Press: ? - help, Shift-Dir - straight line, f/p - tormentor
Aim: a tormentor (severely wounded, constricted by zombie hands, 100% to hit)
The iron shot hits the tormentor!!!
You kill the tormentor!
Cheibriados thoroughly appreciates the change of pace.
(D) Dungeon (T) Temple (L) Lair (A) Shoals (N) Spider Nest (M) Slime Pits (O) Orcish Mines (E) Elven Halls (V) Vaults (C) Crypt (W) Tomb (U) Depths (H) Hell (Z) Zot
Where to? (Enter - D:1 @ (x,y), ? - help)
There is an escape hatch in the ceiling here.
A mysterious force pulls you upwards. The hatch slams shut behind you.
Magic restored.
There is a stone staircase leading up here.
You climb upwards.
There is a stone staircase leading down here.
There is an open door here.
Magic restored.
There is a staircase leading out of the dungeon here.
You are confused.
You feel invigorated.
You have escaped!

..# #.≈.#.#.###.≈≈≈≈.######......
..# #.≈.#.#.#...§........)....#..
..###.≈§#.#.#.§≈≈.#########...#.#
.....§§§#.#...≈...........#.).#..
######§...#.§§§.§≈≈≈≈..##.#.#..##
## #§≈≈.#§§§§.§...≈...#.#.#....
.# ##.≈§#§§.§≈≈.§§≈≈≈..##.###..
.# #.§§..§§....§.§§≈...#...... .#
#.≈≈§.≈≈≈.@.§≈§.§≈≈..##.... .###
#...§...≈...§§≈...≈.#.#.... ...#
###.§≈§.≈.§≈≈§≈.#.§§##..... ...#
#.#...§.§.≈...≈.#.≈≈≈##.... ...#
#.###.§≈§≈≈.§≈≈.#.§.≈##....
...####.....§§§...≈...#.#.≈##....
......#########.§≈≈.#.#.#.≈##....
...##...........≈...#.#.#.§##....
############.≈§§≈.###.#.#.≈##....


There were no monsters in sight!

Vanquished Creatures
  the Royal Jelly (Slime:5)
  A pandemonium lord (Zot:1)
  3 dread liches
  Tiamat (Zot:4)
  11 orbs of fire
  3 ancient liches (Vaults:5)
  A juggernaut (Depths:4)
  2 Killer Klowns (Zot:5)
  Saint Roka (Orc:2)
  Bai Suzhen (Crypt:1)
  A caustic shrike (Depths:2)
  A curse toe (Zot:3)
  8 golden dragons
  Nikola (Shoals:1)
  4 bone dragons
  3 electric golems
  Jorgrun (D:14)
  3 walking crystal tomes
  2 Brimstone Fiends
  6 tentacled monstrosities
  A Hell Sentinel (D:11)
  6 liches
  Asterion (Spider:2)
  3 deep elf blademasters (Elf:3)
  26 Orb Guardians
  5 quicksilver dragons
  3 krakens (Shoals:4)
  A deep elf master archer (Elf:3)
  17 acid blobs
  6 sphinxes
  A walking divine tome (Depths:3)
  Polyphemus (Shoals:2)
  7 ancient champions
  8 death cobs
  6 draconian monks
  9 tengu reavers
  13 storm dragons
  11 shadow dragons
  Ilsuiw (Shoals:2)
  2 revenants
  The ghost of Inwioxo the Spry, an adept KoHu of Gozag (Shoals:1)
  4 rockslimes
  Kirke (D:15)
  6 azure jellies
  The ghost of crescentfresh the Devastator, an adept TeCj of Sif Muna (Shoals:1)
  8 draconian knights
  A demonspawn warmonger (Depths:3)
  5 fire giants
  4 deep elf sorcerers
  5 emperor scorpions
  9 vault wardens
  8 frost giants
  The ghost of GiantSquids the Impaler, a journeyman MfBe of Trog (Shoals:2)
  3 iron dragons
  4 spectral caustic shrikes (Depths:3)
  2 balrugs
  7 draconian scorchers
  Louise (D:15)
  9 ghost moths
  A cacodemon (D:15)
  5 draconian stormcallers
  7 draconian shifters
  3 deep elf elementalists (Elf:3)
  7 broodmothers
  2 curse skulls (Crypt:1)
  4 ghouls (Crypt:2)
  18 stone giants
  9 quicksilver oozes
  20 very ugly things
  5 caustic shrike skeletons (Crypt:3)
  An angel (Zot:3)
  A demonspawn corrupter (Depths:3)
  28 ironbound preservers
  10 ironbound thunderhulks
  2 reapers
  10 draconian annihilators
  5 vampire knights
  2 war gargoyles (Vaults:5)
  Azrael (Spider:3)
  4 spriggan defenders
  8 deep elf demonologists
  16 black draconians
  7 green draconians
  The ghost of Zugaegat the Spry, a journeyman DEDe of Ru (Shoals:1)
  9 dire elephants
  11 yellow draconians
  15 white draconians
  5 deep elf annihilators
  12 purple draconians
  3 eidola
  13 spark wasps
  13 deep elf death magi
  16 red draconians
  A minotaur (Gauntlet)
  12 ettins
  A merfolk javelineer (Shoals:4)
  9 jiangshi
  A blizzard demon (Depths:4)
  6 fire dragons
  3 quicksilver dragon zombies (Crypt:3)
  10 merfolk impalers
  10 yaktaur captains
  2 spriggan zombies (Crypt:3)
  The ghost of KarmaKiller the Basher, a journeyman GrFi of Wu Jian (Shoals:1)
  3 entropy weavers (shapeshifter)
  9 deep elf high priests
  Josephine (Lair:5)
  11 entropy weavers
  A peacekeeper (Vaults:4)
  41 vault guards
  9 great orbs of eyes
  8 ice dragons
  6 hydras
  3 rakshasas
  3 spriggan air magi
  3 catoblepae
  A merfolk avatar (Shoals:4)
  6 ogre magi
  9 ironbound frosthearts
  A salamander tyrant (D:15)
  4 death knights
  A fenstrider witch skeleton (Crypt:3)
  3 jorogumos
  3 radroaches
  9 centaur warriors
  12 boulder beetles
  9 deep troll shamans
  3 spriggan skeletons
  3 merfolk aquamancers
  A hell beast (D:4)
  3 alligator snapping turtles (Shoals:4)
  A satyr (Shoals:4)
  16 two-headed ogres
  2 death scarabs
  10 death yaks
  4 vampire magi
  5 spriggan berserkers (Depths:4)
  43 dancing weapons
  A quicksilver ooze zombie (Crypt:2)
  9 deep troll earth magi
  7 tengu warriors
  5 orc high priests (Orc:2)
  Sonja (Orc:1)
  7 hell knights
  4 titan skeletons (Crypt:3)
  A sun demon (Depths:1)
  A shadow wraith (Crypt:2)
  24 skeletal warriors
  9 steelbarb worms
  2 sun moths
  5 sixfirhies
  23 deep elf knights
  6 iron trolls
  An orb spider (shapeshifter) (Vaults:5)
  11 orb spiders
  A goliath frog (Shoals:1)
  84 deep trolls
  5 flayed ghosts
  5 pharaoh ants
  4 glowing orange brains
  A shadow dragon zombie (Crypt:2)
  7 sea snakes
  25 deep elf archers
  28 ironbound convokers
  12 wizards
  3 bog bodies (Crypt:2)
  14 orc knights
  A harpy (shapeshifter) (D:12)
  6 lindwurms
  A mana viper (D:11)
  33 deep elf pyromancers
  7 necromancers
  A wolf spider zombie (Crypt:3)
  2 orc sorcerers
  An obsidian statue (Zot:5)
  14 harpies
  5 phantasmal warriors
  29 deep elf zephyrmancers
  2 shining eyes (Slime:4)
  2 salamanders (D:15)
  10 cyclopes
  14 manticores
  A frost giant zombie (Crypt:3)
  A faun (shapeshifter) (Vaults:5)
  37 moths of wrath
  28 wolf spiders
  45 ugly things
  A tengu skeleton (Vaults:4)
  A draconian zombie (Crypt:3)
  13 fauns
  10 elephants
  7 black mambas
  9 merfolk sirens
  20 vault sentinels
  A rust devil (Depths:4)
  A dire elephant zombie (Crypt:2)
  A stone giant skeleton (Crypt:3)
  3 smoke demons
  7 water nymphs
  2 eyes of devastation
  2 molten gargoyles (Volcano)
  2 orange demons (Lair:5)
  5 torpor snails
  4 gargoyles
  16 cane toads
  A purple draconian zombie (Crypt:2)
  A steelbarb worm zombie (Crypt:2)
  5 unseen horrors
  A komodo dragon (shapeshifter) (D:12)
  4 efreet
  9 komodo dragons
  32 yaktaurs
  7 demonic crawlers
  A tormentor (D:3)
  8 freezing wraiths
  A minotaur zombie (Gauntlet)
  A yaktaur (shapeshifter) (D:13)
  7 tengu conjurers
  An ice devil (Lair:5)
  4 rime drakes
  3 hellwings
  2 harpy zombies (Crypt:3)
  A troll (shapeshifter) (D:15)
  12 trolls
  11 meliai
  A yaktaur skeleton (Vaults:4)
  A queen bee (Lair:2)
  An unseen horror skeleton (Crypt:3)
  5 guardian mummies (Crypt:3)
  4 red devils
  7 wind drakes
  2 polar bears
  30 merfolk
  A mana viper skeleton (Crypt:1)
  13 snapping turtles
  7 hornets
  An ettin zombie (Crypt:3)
  5 harpy skeletons
  A hydra skeleton (Crypt:3)
  2 slime creatures (shapeshifter) (Vaults:5)
  28 tarantellas
  29 blink frogs
  7 dream sheep
  81 slime creatures
  A raiju (Gauntlet)
  5 large abominations
  A satyr zombie (Crypt:2)
  A dream sheep (shapeshifter) (Vaults:5)
  A stone giant simulacrum (Vaults:4)
  9 air elementals
  27 jumping spiders
  A vampire (D:10)
  3 centaur simulacra
  26 culicivoras
  50 yaks
  7 flying skulls
  3 spriggans (Depths:4)
  3 wyverns
  3 shadows
  19 water elementals
  6 hogs (D:15)
  14 wraiths
  2 fire bats (Volcano)
  Grum (Bailey)
  5 golden eyes
  2 ettin skeletons (Crypt:3)
  13 fire elementals
  A hog (shapeshifter) (D:13)
  A neqoxec (Depths:4)
  A chaos spawn (Depths:4)
  A golden eye (shapeshifter) (D:15)
  53 redbacks
  4 basilisks
  A yaktaur simulacrum (Vaults:4)
  4 steam dragons
  10 vampire mosquitoes
  A black mamba skeleton (Crypt:3)
  Menkaure (D:4)
  Edmund (D:4)
  6 wargs
  3 acid dragons
  20 water moccasins
  Duvessa (D:6)
  8 hell hounds
  4 floating eyes
  50 orc warriors
  An ogre skeleton (Vaults:4)
  8 black bears
  6 ogres
  33 wolves
  3 ice beasts
  8 centaurs
  A lindwurm skeleton (Crypt:1)
  A snapping turtle skeleton (Crypt:3)
  2 phantoms
  A swamp dragon skeleton (Crypt:3)
  4 kobold brigands
  A vine stalker zombie (Crypt:1)
  12 bullfrogs
  5 elf zombies (Elf:1)
  11 earth elementals
  10 gnoll sergeants
  4 necrophages
  A scorpion (D:6)
  A salamander skeleton (Crypt:1)
  23 wights
  Dowan (D:6)
  2 cyclops skeletons
  A yak zombie (Crypt:1)
  34 killer bees
  7 howler monkeys
  2 raiju skeletons
  8 electric eels
  5 lava snakes (Volcano)
  2 jellies (D:6)
  6 gnoll boudas
  32 orc priests
  2 hounds (Bailey)
  6 centaur skeletons
  8 iguanas
  25 orc wizards
  A statue (D:6)
  A hound skeleton (Crypt:2)
  7 mummies (Crypt:3)
  17 gnolls
  9 adders
  A shadow imp (D:5)
  2 white imps (D:6)
  5 dart slugs
  3 worms
  106 orcs
  A bat skeleton (Crypt:3)
  An endoplasm (D:1)
  4 giant cockroaches
  8 goblins
  4 hobgoblins
  27 kobolds
  7 quokkas
  5 ball pythons
  A ball python zombie (Crypt:1)
  9 bats
  3 frilled lizards
  A jackal skeleton (Crypt:2)
  A quokka zombie (Crypt:3)
  2 rats
  4 bushes
  A butterfly (Lair:4)
  2 demonic plants (Gauntlet)
  63 fungi
  132 plants
  24 tentacles (Shoals:4)
  5 toadstools (D:1)
2937 creatures vanquished.

Notes
Turn   | Place    | Note
-------+----------+-------------------------------------------
     0 | D:1      | jfcaron the Gnoll Reaver began the quest for the Orb.
     0 | D:1      | Reached XP level 1. HP: 20/20 MP: 6/6
    74 | D:1      | Reached XP level 2. HP: 19/26 MP: 7/7
   127 | D:1      | Learned a level 2 spell: Momentum Strike
   620 | D:1      | Reached skill level 5 in Spellcasting
   620 | D:1      | Reached XP level 3. HP: 31/31 MP: 7/9
   624 | D:1      | Learned a level 3 spell: Hailstorm
   878 | D:2      | Reached skill level 1 in Invocations
   914 | D:2      | Reached skill level 1 in Short Blades
   914 | D:2      | Reached skill level 1 in Long Blades
   914 | D:2      | Reached skill level 1 in Axes
   914 | D:2      | Reached skill level 1 in Maces & Flails
   914 | D:2      | Reached skill level 1 in Staves
   914 | D:2      | Reached skill level 1 in Ranged Weapons
   914 | D:2      | Reached skill level 1 in Throwing
   914 | D:2      | Reached skill level 1 in Armour
   914 | D:2      | Reached skill level 1 in Stealth
   914 | D:2      | Reached skill level 1 in Shields
   914 | D:2      | Reached skill level 1 in Unarmed Combat
   914 | D:2      | Reached skill level 1 in Evocations
  1011 | D:2      | Reached XP level 4. HP: 38/38 MP: 11/11
  1691 | D:3      | Reached skill level 1 in Hexes
  1691 | D:3      | Reached skill level 1 in Summonings
  1691 | D:3      | Reached skill level 1 in Necromancy
  1691 | D:3      | Reached skill level 1 in Translocations
  1691 | D:3      | Reached skill level 1 in Transmutations
  1691 | D:3      | Reached skill level 1 in Fire Magic
  1691 | D:3      | Reached skill level 1 in Ice Magic
  1691 | D:3      | Reached skill level 1 in Air Magic
  1691 | D:3      | Reached skill level 1 in Earth Magic
  1691 | D:3      | Reached skill level 1 in Poison Magic
  1767 | D:3      | Reached XP level 5. HP: 17/43 MP: 12/12
  1995 | D:3      | Found a bloodstained altar of Trog.
  2145 | D:3      | Found an ornate altar of the Wu Jian Council.
  2271 | D:3      | HP: 8/43 [orc priest/divine providence (11)]
  2291 | D:3      | HP: 5/43 [orc priest/divine providence (8)]
  2891 | D:3      | Found a faded altar of an unknown god.
  3120 | D:4      | Found a hide-covered altar of Uskayaw.
  3323 | D:4      | Reached XP level 6. HP: 50/50 MP: 13/13
  3374 | D:4      | Found a burning altar of Makhleb.
  3712 | D:4      | Reached skill level 5 in Fighting
  3712 | D:4      | Reached skill level 5 in Dodging
  3749 | D:4      | Reached skill level 2 in Long Blades
  3991 | D:4      | Noticed Edmund
  4035 | D:4      | Noticed a black bear
  4070 | D:4      | Killed a black bear
  4285 | D:4      | Reached XP level 7. HP: 54/56 MP: 15/15
  4362 | D:4      | Noticed Menkaure
  4371 | D:4      | Killed Menkaure
  4562 | D:4      | Killed Edmund
  4916 | D:5      | Entered Level 5 of the Dungeon
  4981 | D:5      | Found an opulent altar of Gozag.
  5128 | D:5      | Found a glowing golden altar of the Shining One.
  5207 | D:5      | Reached skill level 3 in Long Blades
  5207 | D:5      | Reached XP level 8. HP: 63/63 MP: 16/16
  5327 | D:5      | HP: 11/63 [centaur/+0 quarterstaff (5)]
  5328 | D:5      | HP: 4/63 [centaur/+0 quarterstaff (7)]
  5336 | D:5      | HP: 11/63 [centaur/+0 quarterstaff (10)]
  5525 | D:5      | Found a staircase to the Ecumenical Temple.
  5532 | Temple   | Entered the Ecumenical Temple
  5715 | Temple   | Became a worshipper of Cheibriados the Contemplative
  5957 | D:5      | HP: 11/63 [water moccasin (4)]
  5962 | D:5      | HP: 9/64 [poisoned by a water moccasin]
  6543 | D:6      | Noticed Duvessa
  6544 | D:6      | Noticed Dowan
  6614 | D:5      | HP: 2/64 [orc priest/divine providence (11)]
  6912 | D:6      | Found a glowing silver altar of Zin.
  6921 | D:6      | Identified the +8 long sword of Iconoclasm {antimagic, rC-
                  | Str+5 Int+4}
  6947 | D:6      | Found an ancient bone altar of Kikubaaqudgha.
  7079 | D:6      | Reached XP level 9. HP: 69/69 MP: 18/18
  7112 | D:6      | Reached skill level 4 in Long Blades
  7196 | D:6      | Killed Dowan
  7196 | D:6      | Reached * piety under Cheibriados
  7197 | D:6      | Killed Duvessa
  7381 | D:6      | Found a radiant altar of Vehumet.
  7983 | D:7      | Found a flagged portal.
  7999 | Bailey   | Entered a bailey
  8194 | Bailey   | Learned a level 2 spell: Cigotuvi's Dreadful Rot
  8197 | Bailey   | Learned a level 2 spell: Call Imp
  8200 | Bailey   | Learned a level 2 spell: Poisonous Vapours
  8491 | Bailey   | Reached skill level 5 in Invocations
  8507 | Bailey   | HP: 11/67 [wolf (5)]
  8759 | Bailey   | Reached ** piety under Cheibriados
  8918 | Bailey   | Noticed Grum
  8924 | Bailey   | Killed Grum
  8925 | Bailey   | Reached skill level 5 in Short Blades
  8925 | Bailey   | Reached skill level 5 in Long Blades
  8925 | Bailey   | Reached skill level 5 in Axes
  8925 | Bailey   | Reached skill level 5 in Maces & Flails
  8925 | Bailey   | Reached skill level 5 in Staves
  8925 | Bailey   | Reached skill level 5 in Ranged Weapons
  8925 | Bailey   | Reached skill level 5 in Throwing
  8925 | Bailey   | Reached skill level 5 in Armour
  8925 | Bailey   | Reached skill level 5 in Stealth
  8925 | Bailey   | Reached skill level 5 in Shields
  8925 | Bailey   | Reached skill level 5 in Unarmed Combat
  8925 | Bailey   | Reached skill level 5 in Evocations
  8925 | Bailey   | Reached XP level 10. HP: 64/77 MP: 2/20
  9093 | Bailey   | Found the +10 morningstar "Eos" {elec, Halo rElec}
  9177 | Bailey   | Upgraded the game from 0.30-a0-373-gd37427bb62 to
                  | 0.30-a0-374-g95c0257040
  9833 | D:8      | Reached *** piety under Cheibriados
  9954 | D:7      | HP: 7/78 [yak (13)]
 10252 | D:8      | Found a shimmering altar of Xom.
 10254 | D:8      | You fall into a shaft and drop 1 floor!
 10915 | D:9      | Found a staircase to the Lair.
 10991 | D:9      | Reached **** piety under Cheibriados
 11195 | D:9      | Reached skill level 6 in Long Blades
 11260 | D:8      | Reached skill level 5 in Hexes
 11260 | D:8      | Reached skill level 5 in Summonings
 11260 | D:8      | Reached skill level 5 in Necromancy
 11260 | D:8      | Reached skill level 5 in Translocations
 11260 | D:8      | Reached skill level 5 in Transmutations
 11260 | D:8      | Reached skill level 5 in Fire Magic
 11260 | D:8      | Reached skill level 5 in Ice Magic
 11260 | D:8      | Reached skill level 5 in Air Magic
 11260 | D:8      | Reached skill level 5 in Earth Magic
 11260 | D:8      | Reached skill level 5 in Poison Magic
 11262 | D:8      | Reached XP level 11. HP: 18/81 MP: 14/22
 11825 | D:8      | Found a basalt altar of Yredelemnul.
 11825 | D:8      | Found a sparkling altar of Nemelex Xobeh.
 12330 | D:9      | Learned a level 3 spell: Mephitic Cloud
 12334 | D:9      | Learned a level 3 spell: Ignite Poison
 12348 | D:10     | Entered Level 10 of the Dungeon
 12391 | D:10     | Noticed a two-headed ogre
 12401 | D:10     | Killed a two-headed ogre
 12538 | D:10     | Reached ***** piety under Cheibriados
 12645 | D:10     | Found Sapatia's Elemental Accessories.
 12813 | D:10     | Noticed a two-headed ogre
 12821 | D:10     | Killed a two-headed ogre
 12891 | D:10     | Identified the +5 longbow "Cos Ryplitti" {vorpal, Str+4}
 13601 | Lair:1   | Entered Level 1 of the Lair of Beasts
 13975 | Lair:1   | HP: 16/86 [poisoned by a cane toad]
 13980 | Lair:1   | HP: 11/86 [poisoned by a cane toad]
 14425 | Lair:1   | Reached skill level 7 in Long Blades
 14567 | Lair:1   | HP: 16/87 [black mamba (14)]
 14767 | Lair:1   | Reached XP level 12. HP: 86/94 MP: 16/24
 15620 | Lair:2   | Noticed a catoblepas
 15627 | Lair:2   | Killed a catoblepas
 15778 | Lair:2   | Found a hole to the Spider Nest.
 15788 | Lair:2   | Reached skill level 10 in Polearms
 16229 | Lair:2   | Reached ****** piety under Cheibriados
 16344 | Lair:2   | Noticed a five-headed hydra
 16352 | Lair:2   | Killed a five-headed hydra
 16769 | Lair:2   | Found a staircase to the Shoals.
 16909 | Lair:2   | Reached skill level 8 in Long Blades
 17167 | Lair:2   | Learned a level 5 spell: Fireball
 17173 | Lair:2   | Learned a level 5 spell: Freezing Cloud
 17486 | Lair:3   | Reached XP level 13. HP: 66/101 MP: 20/26
 18210 | Lair:4   | Found a dark tunnel.
 18220 | Volcano  | Entered a volcano
 18403 | Volcano  | Found a radiant altar of Vehumet.
 18410 | Volcano  | HP: 9/101 [earth elemental (22)]
 18713 | Volcano  | Noticed a stone giant
 18720 | Volcano  | Killed a stone giant
 19348 | Lair:4   | Reached skill level 10 in Spellcasting
 19988 | Lair:4   | Found a staircase to the Slime Pits.
 20338 | Lair:5   | Entered Level 5 of the Lair of Beasts
 20661 | Lair:5   | Reached skill level 10 in Fighting
 20661 | Lair:5   | Reached skill level 10 in Dodging
 20959 | Lair:5   | Reached skill level 9 in Long Blades
 21080 | Lair:5   | Reached XP level 14. HP: 106/110 MP: 18/28
 21081 | Lair:5   | Reached skill level 10 in Invocations
 21759 | Lair:5   | Noticed Josephine
 21769 | Lair:5   | Killed Josephine
 21773 | Lair:5   | HP: 18/104 [wraith[Josephine] (6)]
 22849 | Lair:5   | Found a burning altar of Makhleb.
 23080 | Lair:5   | Found a gateway to Hell.
 23560 | D:10     | Reached skill level 10 in Conjurations
 23991 | D:11     | Found a staircase to the Orcish Mines.
 24361 | D:11     | Found a snail-covered altar of Cheibriados.
 24361 | D:11     | Found Cheibriados's Comfort Zone.
 24928 | Orc:1    | Entered Level 1 of the Orcish Mines
 24928 | Orc:1    | Noticed Urug
 24932 | Orc:1    | Urug changed into Urug the mana viper
 24932 | Orc:1    | Noticed Urug
 24941 | D:11     | Killed Urug the mana viper
 24942 | D:11     | Reached skill level 10 in Short Blades
 24942 | D:11     | Reached skill level 10 in Long Blades
 24942 | D:11     | Reached skill level 10 in Axes
 24942 | D:11     | Reached skill level 10 in Maces & Flails
 24942 | D:11     | Reached skill level 10 in Staves
 24942 | D:11     | Reached skill level 10 in Ranged Weapons
 24942 | D:11     | Reached skill level 10 in Throwing
 24942 | D:11     | Reached skill level 10 in Armour
 24942 | D:11     | Reached skill level 10 in Stealth
 24942 | D:11     | Reached skill level 10 in Shields
 24942 | D:11     | Reached skill level 10 in Unarmed Combat
 24942 | D:11     | Reached skill level 10 in Evocations
 25213 | Orc:1    | Noticed Sonja
 25218 | Orc:1    | Killed Sonja
 25584 | Orc:2    | Entered Level 2 of the Orcish Mines
 25590 | Orc:2    | Noticed Saint Roka
 25604 | Orc:2    | HP: 15/113 [orc priest/divine providence[Saint Roka] (13)]
 25607 | Orc:2    | Killed Saint Roka
 25608 | Orc:2    | Reached XP level 15. HP: 9/118 MP: 9/30
 27075 | Orc:2    | Found Bides's Distillery.
 27090 | Orc:2    | Bought a potion of heal wounds for 80 gold pieces
 27090 | Orc:2    | Bought a potion of heal wounds for 80 gold pieces
 27090 | Orc:2    | Bought a potion of attraction for 48 gold pieces
 27341 | Orc:2    | Found a staircase to the Elven Halls.
 28259 | Orc:2    | Found Guma's Weapon Shoppe.
 28259 | Orc:2    | Found Cenoa's General Store.
 28260 | Orc:2    | Found Ahiss's General Store.
 28260 | Orc:2    | Found Qullar's Antique Armour Shoppe.
 28267 | Orc:2    | Bought a potion of heal wounds for 85 gold pieces
 28268 | Orc:2    | Bought a potion of heal wounds for 65 gold pieces
 28274 | Orc:2    | Bought a scroll of identify for 26 gold pieces
 28275 | Orc:2    | Bought a scroll of identify for 34 gold pieces
 28275 | Orc:2    | Bought a scroll of teleportation for 51 gold pieces
 28275 | Orc:2    | Bought a wand of acid (3) for 214 gold pieces
 28275 | Orc:2    | Bought 2 stones for 3 gold pieces
 28284 | Orc:2    | Bought 5 stones for 7 gold pieces
 28293 | Orc:2    | Bought a heavily runed scale mail for 270 gold pieces
 28293 | Orc:2    | Identified the +1 scale mail of the Quahog {rPois Regen+
                  | Stlth-} (You bought it in a shop on level 2 of the Orcish
                  | Mines)
 28313 | Orc:2    | Bought a bloodstained ring mail for 270 gold pieces
 28313 | Orc:2    | Identified the +5 ring mail of the Vaults {rElec Str+3
                  | Int-4} (You bought it in a shop on level 2 of the Orcish
                  | Mines)
 28368 | Orc:2    | Bought a potion of curing for 48 gold pieces
 28587 | D:12     | Found a gate leading to a gauntlet.
 28604 | Gauntlet | Entered a Gauntlet
 28604 | Gauntlet | Found a transporter.
 28604 | Gauntlet | Found a transporter.
 28609 | Gauntlet | Found a transporter.
 28611 | Gauntlet | Found a large runed translucent door.
 28612 | Gauntlet | Found a large runed translucent door.
 28613 | Gauntlet | Found a large runed translucent door.
 28613 | Gauntlet | Found a large runed translucent door.
 28613 | Gauntlet | Found a runed translucent door.
 28614 | Gauntlet | Found a large runed translucent door.
 28616 | Gauntlet | Found a large runed translucent door.
 28616 | Gauntlet | Found a large runed translucent door.
 28616 | Gauntlet | Found a large runed translucent door.
 28617 | Gauntlet | Found a transporter.
 28617 | Gauntlet | Found a runed translucent gate.
 28617 | Gauntlet | Found a runed translucent gate.
 28619 | Gauntlet | Found a transporter.
 28623 | Gauntlet | Found a transporter.
 28625 | Gauntlet | Found a runed translucent gate.
 28625 | Gauntlet | Found a runed translucent door.
 28628 | Gauntlet | Found a large runed translucent door.
 28628 | Gauntlet | Found a large runed translucent door.
 28629 | Gauntlet | Found a large runed translucent door.
 28629 | Gauntlet | Found a transporter.
 28630 | Gauntlet | Found a large runed translucent door.
 28634 | Gauntlet | Found a transporter.
 28674 | Gauntlet | Found a transporter.
 28703 | Gauntlet | Found a transporter.
 28747 | Gauntlet | Found a transporter.
 28761 | Gauntlet | Found a transporter.
 28867 | Gauntlet | Found a transporter.
 28882 | Gauntlet | Found a transporter.
 28884 | Gauntlet | Found a large runed translucent door.
 28885 | Gauntlet | Found a large runed translucent door.
 28886 | Gauntlet | Found a large runed translucent door.
 28886 | Gauntlet | Found a large runed translucent door.
 28901 | Gauntlet | Found a transporter.
 28913 | Gauntlet | Found a transporter.
 29114 | Gauntlet | Identified the +0 cloak of Zagont {*Corrode rElec rPois
                  | Str+3}
 29315 | Gauntlet | Identified the +1 war axe "Houtekint" {drain, rC++}
 30935 | D:12     | Learned a level 5 spell: Borgnjor's Vile Clutch
 31362 | D:12     | Reached XP level 16. HP: 127/127 MP: 26/32
 31870 | D:12     | Reached skill level 11 in Long Blades
 31903 | D:12     | Identified the +1 ring mail of the Poles {rN++ Str+3 Int-3}
 31958 | D:12     | Identified the ring "Dawilo" {Will+ Int+6}
 33159 | D:13     | Found a gate to the Vaults.
 34028 | D:14     | Found Laro's Book Shop.
 34546 | D:14     | Identified the +5 leather armour of Context {rPois rN+
                  | Int-2}
 34688 | D:14     | Noticed Jorgrun
 34698 | D:14     | Killed Jorgrun
 35450 | D:15     | Entered Level 15 of the Dungeon
 35492 | D:15     | Found a transporter.
 35950 | D:15     | Identified the ring "Irel" {rElec Str+6}
 35964 | D:15     | Found Fufuah Vav's Armour Shop.
 36038 | D:15     | Found a transporter.
 36204 | D:15     | Identified the ring "Mele" {rPois rC+ Will- Int+2}
 36295 | D:15     | Identified the +4 acid dragon scales of Tymacw {rCorr Str-3
                  | Int+6 Slay+2}
 36444 | D:14     | Bought a manual of Conjurations for 1200 gold pieces
 36462 | D:15     | Reached XP level 17. HP: 122/125 MP: 24/33
 36571 | D:15     | Noticed Louise
 36579 | D:15     | Killed Louise
 36631 | D:15     | Found Arphigoiss's Antique Weapon Shoppe.
 36664 | D:15     | Noticed Kirke
 36669 | D:15     | Killed Kirke
 36670 | D:15     | Reached skill level 10 in Hexes
 36670 | D:15     | Reached skill level 10 in Summonings
 36670 | D:15     | Reached skill level 10 in Necromancy
 36670 | D:15     | Reached skill level 10 in Translocations
 36670 | D:15     | Reached skill level 10 in Transmutations
 36670 | D:15     | Reached skill level 10 in Fire Magic
 36670 | D:15     | Reached skill level 10 in Ice Magic
 36670 | D:15     | Reached skill level 10 in Air Magic
 36670 | D:15     | Reached skill level 10 in Earth Magic
 36670 | D:15     | Reached skill level 10 in Poison Magic
 36922 | D:15     | Identified the ring of Wubby {Ice rPois}
 37117 | D:15     | Found Odyiff's Magic Scroll Boutique.
 37275 | D:15     | Found a staircase to the Depths.
 37310 | D:15     | Reached skill level 12 in Long Blades
 37829 | Orc:1    | Learned a level 6 spell: Statue Form
 38225 | Spider:1 | Entered Level 1 of the Spider Nest
 39913 | Spider:2 | Noticed Asterion
 39919 | Spider:2 | Killed Asterion
 40016 | Spider:2 | Reached XP level 18. HP: 143/143 MP: 20/35
 42201 | D:12     | Learned a level 6 spell: Iron Shot
 42380 | Spider:3 | Noticed Azrael
 42384 | Spider:3 | Killed Azrael
 42912 | Spider:3 | Identified a scroll of acquirement
 42926 | Spider:3 | Acquired the amulet of Yheatil {Fly Regen+}
 42969 | Spider:4 | Entered Level 4 of the Spider Nest
 43470 | Spider:4 | Reached skill level 13 in Long Blades
 44763 | Spider:4 | Identified the +3 lajatang "Dolafiv" {flame, *Noise Fly rC+
                  | Dex+8}
 44969 | Spider:4 | Reached XP level 19. HP: 151/151 MP: 0/37
 45075 | Spider:4 | Got a gossamer rune of Zot
 45283 | Shoals:1 | Entered Level 1 of the Shoals
 45284 | Shoals:1 | Upgraded the game from 0.30-a0-374-g95c0257040 to
                  | 0.30-a0-377-g5cb311bc9f
 45290 | Shoals:1 | Noticed Nikola
 45358 | Shoals:1 | Killed Nikola
 45745 | Shoals:1 | Found a runed translucent gate.
 45745 | Shoals:1 | Found a runed translucent gate.
 45752 | Shoals:1 | Found a runed translucent gate.
 45753 | Shoals:1 | Noticed Zugaegat's ghost (journeyman DEDe)
 45754 | Shoals:1 | Noticed KarmaKiller's ghost (journeyman GrFi)
 45755 | Shoals:1 | Noticed crescentfresh's ghost (adept TeCj)
 45755 | Shoals:1 | Noticed Inwioxo's ghost (adept KoHu)
 45755 | Shoals:1 | Found the +9 heavy crossbow "Sniper" {vorpal, Acc+∞ SInv}
 45942 | Shoals:1 | Learned a level 3 spell: Tukima's Dance
 46627 | Shoals:2 | Noticed Ilsuiw
 46637 | Shoals:2 | Killed Ilsuiw
 47347 | Shoals:2 | Noticed Polyphemus
 47357 | Shoals:2 | Killed Polyphemus
 47495 | Shoals:2 | Found a runed translucent door.
 47496 | Shoals:2 | Noticed GiantSquids's ghost (journeyman MfBe)
 47995 | D:14     | Bought a book of Touch for 330 gold pieces
 48082 | D:15     | Learned a level 4 spell: Dispel Undead
 48339 | Shoals:2 | Killed GiantSquids's ghost
 48344 | Shoals:2 | Identified the +12 scimitar of Objectivity {drain, rF+
                  | Dex+3}
 48436 | Shoals:1 | Killed crescentfresh's ghost
 48443 | Shoals:1 | Killed Inwioxo's ghost
 48445 | Shoals:1 | Killed KarmaKiller's ghost
 48449 | Shoals:1 | Killed Zugaegat's ghost
 48575 | Shoals:3 | Reached skill level 15 in Polearms
 49493 | Shoals:4 | Entered Level 4 of the Shoals
 49859 | Shoals:4 | Got a barnacled rune of Zot
 50044 | Shoals:4 | Reached skill level 15 in Invocations
 50886 | Shoals:4 | Acquired 587 gold pieces
 51069 | Shoals:4 | Reached XP level 20. HP: 160/160 MP: 38/38
 51655 | Shoals:4 | Identified the amulet of Yrienelo {Acrobat Dex+3}
 52112 | Elf:1    | Entered Level 1 of the Elven Halls
 52269 | Elf:1    | Found a radiant altar of Vehumet.
 52275 | Elf:1    | Reached skill level 14 in Long Blades
 52311 | Elf:1    | Paralysed by an air elemental for 1 turns
 52538 | Elf:1    | Paralysed by an air elemental for 1 turns
 52542 | Elf:1    | Paralysed by an air elemental for 1 turns
 52546 | Elf:1    | Paralysed by an air elemental for 1 turns
 52555 | Elf:1    | Paralysed by an air elemental for 1 turns
 53234 | Elf:1    | Got the Quarto of the Grave
 53340 | Elf:1    | Reached skill level 15 in Spellcasting
 54310 | Elf:1    | Found an ancient bone altar of Kikubaaqudgha.
 54350 | Elf:2    | Reached skill level 15 in Fighting
 54350 | Elf:2    | Reached skill level 15 in Dodging
 54366 | Elf:2    | Reached skill level 15 in Conjurations
 54409 | Elf:2    | Found Sopnon's Magic Scroll Shoppe.
 54494 | Elf:2    | Bought 2 scrolls of blinking for 225 gold pieces
 54585 | Elf:2    | Paralysed by an air elemental for 1 turns
 54598 | Elf:2    | Found Kant's Jewellery Emporium.
 54778 | Elf:2    | Found Xinlyng's General Store.
 54778 | Elf:2    | Found Yhum's Antique Weapon Shoppe.
 54824 | Elf:2    | Bought 6 stones for 10 gold pieces
 54985 | Elf:2    | Found a runed translucent gate.
 54987 | Elf:2    | Found a runed translucent gate.
 54991 | Elf:2    | Found a runed translucent gate.
 56122 | D:10     | Bought a wand of flame (15) for 168 gold pieces
 56299 | Elf:3    | Entered Level 3 of the Elven Halls
 56583 | Elf:3    | Reached XP level 21. HP: 160/168 MP: 34/40
 56811 | Elf:3    | Found an ancient bone altar of Kikubaaqudgha.
 56980 | Elf:3    | Found Ryemmuim's Antique Armour Boutique.
 57036 | Elf:3    | Bought an embroidered cloak for 180 gold pieces
 58197 | Elf:3    | Identified the ring "Sapisofi" {Wiz Dex+4}
 58322 | Elf:3    | Identified the +4 trident of Xeladeic {vorpal, rF+++ Will-
                  | rCorr Str+4}
 58322 | Elf:3    | Identified the ring "Ryiqiol" {Wiz rN+}
 58654 | Elf:3    | Got Voijon's Arcane Secrets of Theurgy
 58707 | Elf:3    | Got Ocoom's Dissertation on Forceful Transmogrification
 59071 | Elf:3    | Learned a level 7 spell: Spellforged Servitor
 59350 | Vaults:1 | Entered Level 1 of the Vaults
 59534 | Vaults:1 | Reached skill level 15 in Long Blades
 59644 | Vaults:1 | Reached skill level 15 in Short Blades
 59644 | Vaults:1 | Reached skill level 15 in Axes
 59644 | Vaults:1 | Reached skill level 15 in Maces & Flails
 59644 | Vaults:1 | Reached skill level 15 in Staves
 59644 | Vaults:1 | Reached skill level 15 in Ranged Weapons
 59644 | Vaults:1 | Reached skill level 15 in Throwing
 59644 | Vaults:1 | Reached skill level 15 in Armour
 59644 | Vaults:1 | Reached skill level 15 in Stealth
 59644 | Vaults:1 | Reached skill level 15 in Shields
 59644 | Vaults:1 | Reached skill level 15 in Unarmed Combat
 59644 | Vaults:1 | Reached skill level 15 in Evocations
 61357 | Vaults:2 | Reached XP level 22. HP: 177/177 MP: 6/42
 61553 | Vaults:2 | Identified the +1 scale mail "Wial Nei" {+Inv rN+}
 62307 | Vaults:2 | Reached skill level 16 in Long Blades
 63347 | Vaults:3 | Found a staircase to the Crypt.
 64326 | Vaults:4 | Reached skill level 15 in Air Magic
 65084 | Vaults:4 | Reached XP level 23. HP: 185/185 MP: 20/43
 65169 | Vaults:4 | Identified the +1 dagger of Collusion {freeze, *Rage rF-
                  | rN+++ rCorr}
 65363 | Vaults:4 | Reached skill level 17 in Long Blades
 66294 | Vaults:4 | Learned a level 7 spell: Orb of Destruction
 66379 | Crypt:1  | Entered Level 1 of the Crypt
 67443 | Crypt:1  | Noticed Bai Suzhen
 67453 | Crypt:1  | Killed Bai Suzhen
 70007 | Crypt:3  | Entered Level 3 of the Crypt
 70261 | Crypt:3  | Found a staircase to the Tomb.
 71039 | Crypt:3  | Noticed a dread lich
 71045 | Crypt:3  | Killed a dread lich
 71077 | Crypt:3  | Reached skill level 18 in Long Blades
 71216 | Crypt:3  | Found the +18 Lear's hauberk
 71304 | Crypt:3  | Reached XP level 24. HP: 195/195 MP: 14/44
 72392 | Crypt:3  | Found the +4 dagger "Morg" {pain, Will+ Int+5}
 73692 | Depths:1 | Entered Level 1 of the Depths
 73722 | Depths:1 | Found Etocw's Weapon Shop.
 73722 | Depths:1 | Found Buunk's Assorted Antiques.
 73730 | Depths:1 | Bought 4 stones for 6 gold pieces
 73730 | Depths:1 | Bought a stone for 1 gold piece
 73730 | Depths:1 | Bought 7 stones for 10 gold pieces
 73736 | Depths:1 | Bought a wand of acid (1) for 147 gold pieces
 74162 | Depths:1 | Found an ancient bone altar of Kikubaaqudgha.
 74351 | Depths:1 | You are sucked into a shaft and drop 1 floor!
 74412 | Depths:2 | Found a one-way gateway to a ziggurat.
 74743 | Depths:1 | Found a sparkling altar of Nemelex Xobeh.
 75252 | Depths:2 | Found a one-way gate leading to the halls of Pandemonium.
 75744 | Depths:2 | Noticed a caustic shrike
 75747 | Depths:2 | Killed a caustic shrike
 76613 | Depths:3 | Reached skill level 19 in Long Blades
 76643 | Depths:3 | Reached XP level 25. HP: 203/203 MP: 6/44
 77042 | Depths:3 | Found Melyl's Merry Market.
 77927 | Depths:3 | Found a one-way gate to the infinite horrors of the Abyss.
 78202 | Depths:4 | Entered Level 4 of the Depths
 78315 | Depths:4 | Noticed a juggernaut
 78321 | Depths:4 | Killed a juggernaut
 78567 | Depths:4 | Reached skill level 15 in Hexes
 78567 | Depths:4 | Reached skill level 15 in Summonings
 78567 | Depths:4 | Reached skill level 15 in Necromancy
 78567 | Depths:4 | Reached skill level 15 in Translocations
 78567 | Depths:4 | Reached skill level 15 in Transmutations
 78567 | Depths:4 | Reached skill level 15 in Fire Magic
 78567 | Depths:4 | Reached skill level 15 in Ice Magic
 78567 | Depths:4 | Reached skill level 15 in Earth Magic
 78567 | Depths:4 | Reached skill level 15 in Poison Magic
 79371 | Depths:4 | Reached skill level 20 in Long Blades
 79371 | Depths:4 | Found a gate to the Realm of Zot.
 79994 | Depths:3 | Bought a manual of Maces & Flails for 1760 gold pieces
 80296 | Slime:1  | Entered Level 1 of the Pits of Slime
 80727 | Slime:4  | Gained mutation: You are weak. (Str -2) [a shining eye]
 80730 | Slime:4  | Gained mutation: You are dopey. (Int -2) [a shining eye]
 80949 | Slime:5  | Entered Level 5 of the Pits of Slime
 81033 | Slime:5  | Found a viscous altar of Jiyva.
 81268 | Slime:5  | Noticed the Royal Jelly
 81273 | Slime:5  | Killed the Royal Jelly
 81274 | Slime:5  | Reached XP level 26. HP: 213/213 MP: 25/45
 81295 | Slime:5  | Identified the amulet of the Original Sin {Spirit Rampage
                  | rElec Dex+4}
 81323 | Slime:5  | Identified the +0 short sword "Fusitog" {elec, Dex+7}
 81382 | Slime:5  | Got a slimy rune of Zot
 81399 | Slime:5  | Got the Teachings on Imprecation
 81413 | Slime:5  | Identified the +6 short sword of Leoten {antimagic, Fly
                  | SInv}
 81684 | Shoals:4 | Lost mutation: You are dopey. (Int -2) [potion of mutation]
 81684 | Shoals:4 | Lost mutation: You are weak. (Str -2) [potion of mutation]
 81684 | Shoals:4 | Gained mutation: Your spells are a little harder to cast,
                  | but a little more powerful. [potion of mutation]
 81684 | Shoals:4 | Gained mutation: You have a pair of small horns on your
                  | head. [potion of mutation]
 81684 | Shoals:4 | Gained mutation: You have a pair of horns on your head.
                  | [potion of mutation]
 81684 | Shoals:4 | Gained mutation: You have hidden genetic potential. [potion
                  | of mutation]
 82318 | Orc:2    | Bought a potion of brilliance for 64 gold pieces
 82319 | Orc:2    | Bought a potion of ambrosia for 128 gold pieces
 82319 | Orc:2    | Bought a potion of ambrosia for 128 gold pieces
 82369 | Orc:2    | Bought a scroll of enchant armour for 97 gold pieces
 82508 | Elf:2    | Bought a scroll of butterflies for 60 gold pieces
 82508 | Elf:2    | Bought a scroll of teleportation for 45 gold pieces
 82508 | Elf:2    | Bought a scroll of teleportation for 45 gold pieces
 82508 | Elf:2    | Bought a scroll of enchant armour for 112 gold pieces
 82533 | Elf:2    | Bought 4 boomerangs of dispersal for 108 gold pieces
 82533 | Elf:2    | Bought a scroll of fear for 72 gold pieces
 82533 | Elf:2    | Bought a book of Burglary for 360 gold pieces
 82757 | D:15     | Bought a scroll of teleportation for 39 gold pieces
 82757 | D:15     | Bought a scroll of teleportation for 39 gold pieces
 82757 | D:15     | Bought a scroll of poison for 52 gold pieces
 82757 | D:15     | Bought a scroll of vulnerability for 52 gold pieces
 82757 | D:15     | Bought a scroll of teleportation for 39 gold pieces
 82757 | D:15     | Bought a scroll of teleportation for 39 gold pieces
 82813 | Depths:1 | Bought a scroll of vulnerability for 140 gold pieces
 82813 | Depths:1 | Bought a potion of curing for 105 gold pieces
 82813 | Depths:1 | Bought a scroll of amnesia for 140 gold pieces
 82824 | Depths:1 | Learned a level 8 spell: Lehudib's Crystal Spear
 82906 | Depths:3 | Bought a potion of magic for 176 gold pieces
 82906 | Depths:3 | Bought a potion of might for 88 gold pieces
 82906 | Depths:3 | Bought a wand of mindburst (4) for 123 gold pieces
 83248 | Vaults:5 | Entered Level 5 of the Vaults
 83285 | Vaults:5 | Noticed a dread lich
 83294 | Vaults:5 | Killed a dread lich
 83527 | Vaults:5 | Identified the ring "Dojourap" {rC++ Int+6 Slay+2 Stlth+}
 83545 | Vaults:5 | Noticed an ancient lich
 83553 | Vaults:5 | Killed an ancient lich
 83838 | Vaults:5 | Noticed an ancient lich
 83841 | Vaults:5 | Killed an ancient lich
 83842 | Vaults:5 | Reached skill level 21 in Long Blades
 84071 | Vaults:5 | Identified the ring of Heresy {Ice Slay+5}
 84140 | Vaults:5 | Got the Almanac of the Quarry
 84370 | Vaults:5 | Got Sif Muna's Guidebook on Striking and the Traveller
 84519 | Vaults:5 | Identified the +6 quarterstaff "Waklur" {vamp, rC+}
 84717 | Vaults:5 | Identified the +10 dagger "Waur" {drain, Will+ Str+2 SInv}
 84777 | Vaults:5 | Noticed an ancient lich
 84791 | Vaults:5 | Killed an ancient lich
 85001 | Vaults:5 | Found the +2 hood of the Assassin {Detection Stab+ Stlth++}
 85003 | Vaults:5 | Identified the +5 arbalest of Weamiahi {drain, rElec rN+
                  | Will- rCorr}
 85038 | Vaults:5 | Identified the +7 trident "Irad" {elec, rF+ rCorr Dex-5}
 85446 | Vaults:5 | Got a silver rune of Zot
 85946 | Vaults:5 | Learned a level 8 spell: Infestation
 86994 | Zot:1    | Entered Level 1 of the Realm of Zot
 87022 | Zot:1    | Noticed an orb of fire
 87025 | Zot:1    | Gained mutation: You are weak. (Str -2) [an orb of fire]
 87026 | Zot:1    | Killed an orb of fire
 87186 | Zot:1    | Reached XP level 27. HP: 168/221 MP: 2/46
 87384 | Zot:1    | Gained mutation: You are partially covered in iridescent
                  | scales. (AC +2) [hidden potential]
 87773 | Zot:5    | Entered Level 5 of the Realm of Zot
 87809 | Zot:5    | Gained mutation: You occasionally lose the ability to read
                  | scrolls when taking damage. [mutagenic glow]
 87844 | Zot:5    | Lost mutation: You have hidden genetic potential.
                  | [mutagenic glow]
 88221 | Depths:3 | Bought a potion of mutation for 176 gold pieces
 88221 | Depths:3 | Bought a scroll of magic mapping for 165 gold pieces
 89046 | Orc:2    | Bought a potion of mutation for 128 gold pieces
 89046 | Orc:2    | Lost mutation: You are partially covered in iridescent
                  | scales. (AC +2) [potion of mutation]
 89046 | Orc:2    | Lost mutation: Your spells are a little harder to cast, but
                  | a little more powerful. [potion of mutation]
 89046 | Orc:2    | Gained mutation: You have large cloven feet. [potion of
                  | mutation]
 89046 | Orc:2    | Gained mutation: You sometimes lose your temper in combat.
                  | [potion of mutation]
 89046 | Orc:2    | Gained mutation: You have a somewhat thin skeletal
                  | structure. (Dex +2, Stealth+) [potion of mutation]
 89047 | Orc:2    | Lost mutation: You occasionally lose the ability to read
                  | scrolls when taking damage. [potion of mutation]
 89047 | Orc:2    | Lost mutation: You sometimes lose your temper in combat.
                  | [potion of mutation]
 89047 | Orc:2    | Lost mutation: You have a somewhat thin skeletal structure.
                  | (Dex +2, Stealth+) [potion of mutation]
 89047 | Orc:2    | Gained mutation: You are covered in fur. (AC +1) [potion of
                  | mutation]
 89932 | D:12     | Learned a level 3 spell: Vhi's Electric Charge
 91675 | Zot:4    | Found the +4 dragonskin cloak
 91675 | Zot:4    | Noticed Tiamat
 91686 | Zot:4    | Killed Tiamat
 91687 | Zot:4    | Reached skill level 22 in Long Blades
 91986 | Zot:4    | Noticed an orb of fire
 91987 | Zot:4    | Gained mutation: You sometimes lose your temper in combat.
                  | [an orb of fire]
 91989 | Zot:4    | Killed an orb of fire
 92344 | Zot:4    | Noticed an orb of fire
 92377 | Zot:4    | Killed an orb of fire
 93034 | Zot:3    | Identified the +0 robe of Grace {Drain Will+ Slay+2
                  | Archmagi}
 95246 | Zot:1    | Learned a level 1 spell: Apportation
 95249 | Zot:1    | Learned a level 2 spell: Blink
 95252 | Zot:1    | Learned a level 2 spell: Passwall
 95436 | Zot:5    | Noticed an orb of fire
 95439 | Zot:5    | Gained mutation: You are frail. (-10% HP) [an orb of fire]
 95443 | Zot:5    | Killed an orb of fire
 95563 | Zot:5    | Noticed an orb of fire
 95579 | Zot:5    | Killed an orb of fire
 95581 | Zot:5    | Noticed a dread lich
 95587 | Zot:5    | Killed a dread lich
 95963 | Zot:5    | Noticed an orb of fire
 95968 | Zot:5    | Killed an orb of fire
 95969 | Zot:5    | Reached skill level 23 in Long Blades
 95972 | Zot:5    | Noticed an orb of fire
 95976 | Zot:5    | Lost mutation: You are covered in fur. (AC +1) [an orb of
                  | fire]
 95980 | Zot:5    | Killed an orb of fire
 96322 | Zot:5    | Noticed an orb of fire
 96323 | Zot:5    | Gained mutation: You are occasionally teleported next to
                  | monsters. [an orb of fire]
 96326 | Zot:5    | Killed an orb of fire
 96327 | Zot:5    | Noticed an orb of fire
 96327 | Zot:5    | Noticed an orb of fire
 96327 | Zot:5    | Noticed an orb of fire
 96327 | Zot:5    | Gained mutation: You are clumsy. (Dex -2) [an orb of fire]
 96761 | Zot:5    | Killed an orb of fire
 96777 | Zot:5    | Killed an orb of fire
 97102 | Zot:5    | Killed an orb of fire
 97129 | Zot:5    | Lost mutation: You have large cloven feet. [potion of
                  | mutation]
 97129 | Zot:5    | Lost mutation: You are occasionally teleported next to
                  | monsters. [potion of mutation]
 97129 | Zot:5    | Lost mutation: You are frail. (-10% HP) [potion of
                  | mutation]
 97129 | Zot:5    | Lost mutation: You are clumsy. (Dex -2) [potion of
                  | mutation]
 97129 | Zot:5    | Lost mutation: You are weak. (Str -2) [potion of mutation]
 99553 | Zot:5    | Got the Orb of Zot
 99637 | Zot:1    | Noticed Jyeclemm the pandemonium lord
 99642 | Zot:1    | Killed Jyeclemm the pandemonium lord
100114 | D:$      | Escaped with the Orb!

Illustrated notes

Levels and vault maps discovered:
D:1:      psy_arrival_radial02, layout_basic, minmay_gold_behind_fungi
D:2:      wander_river, layout_loops_ring
D:3:      layout_basic, bloody_trog, mainiacjoe_overflow_tiny_flanked,
          hellmonk_ecumenical_altar_leap_of_faith
D:4:      layout_basic, mainiacjoe_overflow_catwalk,
          mainiacjoe_overflow_chevrons, uniq_edmund, uniq_menkaure
D:5:      layout_gridville, mainiacjoe_overflow_concentric_impassable,
          mainiacjoe_overflow_24_doors, minmay_temple_entry_mini_moons,
          minmay_misc_feat_hallway
D:6:      layout_basic, mainiacjoe_overflow_small_starburst, old_standard_altar,
          vehumet_statue, grunt_ministairs_10, uniq_duvessa
D:7:      layout_rooms, enter_bailey_2
D:8:      layout_rooms, nicolae_overflow_hidden_temple,
          gammafunk_temple_overflow_statue, chequers_hall_statues_corner_a,
          uniq_grum
D:9:      layout_irregular_city, erik_lair_orcish_takeover
D:10:     layout_gridville, nicolae_elemental_shop, lemuel_flame_loot_1
D:11:     layout_layer_cave, david_orc_2, grunt_ministairs_15,
          grunt_decor_fettered, minmay_shop_chei
D:12:     minmay_spiral_squares, layout_loops_ring, gauntlet_entry_generic,
          serial_ice, serial_ice_e, serial_ice_n, serial_ice_c, serial_ice_m
D:13:     layout_stronghold, grunt_vaults_entry_fortified
D:14:     layout_basic, serial_shops, nicolae_stop_n_shop_2, serial_park_square1
          [serial_park_minivault_5x5_6], uniq_jorgrun
D:15:     hangedman_spin_cycle, serial_shops, uniq_louise
Temple:   chequers_temple_sunken
Lair:1:   layout_hall_layers
Lair:2:   layout_roguey, elwin_shoals_entry_rocks,
          hellmonk_spider_entry_not_the_bees, special_room [special_room_bee],
          beast_lair_carwin_10, lemuel_fruit_tree, serial_bayou_shore_a,
          infiniplex_staircase_pool_2
Lair:3:   layout_loops_ring, st_stairs_11
Lair:4:   layout_hall_layers, slime_entry_1, nicolae_volcano_entry_lava_flow,
          lemuel_fruit_fields, grunt_megastairs_1, lemuel_fruit_fields
Lair:5:   evil_forest, layout_regular_city, serial_bayou_lagoon_b,
          serial_bayou_shore_b, uniq_josephine
Shoals:1: layout_shoals, gammafunk_ghost_cemetery, abandoned_shop, uniq_kirke,
          uniq_nikola
Shoals:2: layout_shoals, gammafunk_ghost_grave, uniq_ilsuiw, uniq_polyphemus
Shoals:3: layout_shoals, yaktaur_hedge
Shoals:4: shoals_end_hangedman, layout_shoals
Spider:1: layout_spider_delve
Spider:2: nicolae_spider_hilbert_zone_2 [nicolae_spider_hilbert_4_sides_1_open,
          nicolae_spider_hilbert_4_sides_1_open,
          nicolae_spider_hilbert_4_sides_1_open,
          nicolae_spider_hilbert_4_sides_1_open,
          nicolae_spider_hilbert_6_sides_1_open,
          nicolae_spider_hilbert_6_sides_1_open,
          nicolae_spider_hilbert_3_sides_1_open,
          nicolae_spider_hilbert_3_sides_1_open,
          nicolae_spider_hilbert_3_sides_1_open,
          nicolae_spider_hilbert_3_sides_1_open,
          nicolae_spider_hilbert_6_sides_1_open,
          nicolae_spider_hilbert_6_sides_1_open,
          nicolae_spider_hilbert_6_sides_1_open,
          nicolae_spider_hilbert_6_sides_1_open], nicolae_spider_shape,
          uniq_asterion
Spider:3: layout_spider_delve, uniq_azrael
Spider:4: spider_rune_water
Slime:1:  layout_caves
Slime:2:  layout_caves
Slime:3:  layout_caves
Slime:4:  layout_caves
Slime:5
Orc:1:    layout_diamond_mine, uniq_urug, uniq_sonja
Orc:2:    st_orc_pillars, layout_caves, serial_shops, shop, uniq_saint_roka
Elf:1:    eino_elf_arrival_altar, layout_loops_cross, minmay_elf_necromancy,
          hangedman_elf_simple_split, nicolae_elf_loose_elemental_storage,
          lemuel_upstairs_altar
Elf:2:    nicolae_elf_blades_splatter_lattice
          [nicolae_vaults_blade_armed_guards], layout_geoelf_diagonals,
          serial_shops, nicolae_shop_waterfront, shop, nicolae_shop_statue_plus,
          shop
Elf:3:    minmay_elf_hall_not_hex, layout_geoelf_castle, serial_shops,
          nicolae_shop_trees, basic_altar, minivault_16, hex_medium,
          grunt_ministairs_15, nicolae_elf_big_sculpture_3
Vaults:1: vaults_room_grid, v_alt_pattern_5, v_misc_8, v_misc_8,
          nicolae_vaults_puzzle_piece, ontoclasm_vaults_fault,
          dpeg_vaults_monster_row, ontoclasm_vaults_spin, layout_vaults_omnigrid
Vaults:2: v_rooms_2, v_alt_pattern_2, v_misc_9, vaults_mumra_chevron_long,
          v_rooms_6, v_misc_23, special_room_vaults [special_room_orc],
          vaults_room_hallway, nicolae_vaults_network_star,
          hangedman_vaults_stream, v_misc_24, nicolae_vaults_rhombus_5,
          ontoclasm_vaults_decontamination, v_alt_pattern_1,
          layout_vaults_big_room
Vaults:3: vaults_room_hallway, v_alt_pattern_4,
          minmay_crypt_entry_nasty_monster, v_misc_8, vaults_dpeg_doors,
          vaults_dpeg_encased_lava, v_misc_29, vaults_room_pools,
          ontoclasm_vaults_twist, hangedman_vaults_nodes, vaults_dpeg_hooks,
          nicolae_vaults_circle_grid_a, nicolae_vaults_meeting,
          vaults_room_hallway, v_misc_23, vaults_standard_mumra_x,
          layout_vaults_omnicross
Vaults:4: grunt_vaults_trifunnel, nicolae_vaults_inception_statues,
          v_alt_pattern_1, nicolae_vaults_little_ls,
          hangedman_vaults_river_flow, grunt_vaults_funnel,
          hangedman_vaults_cutoff, v_rooms_3, vaults_dpeg_ring,
          nicolae_vaults_big_ls, st_smaller_cells, layout_vaults_maze_snakey
Vaults:5
Crypt:1:  layout_chaotic_city, roderic_lattice_octagonal_star, uniq_bai_suzhen
Crypt:2:  layout_gridlike, nicolae_crypt_cryptocurrency, minivault_11
Crypt:3:  due_elkab, layout_chaotic_city, nicolae_tomb_entry_grand_gallery,
          minicrypt_bobbens
Depths:1: layout_gridville, nicolae_kikubaaqudgha_miasma_corner,
          lightli_too_deep, nemelex_diamond_rough_becter, minmay_shoptagon,
          kennysheep_random_hallway
Depths:2: minmay_octo_star, layout_gridville, enter_ziggurat_e, hell_entry,
          rand_demon_pan_entry_5, minmay_staircase_windowed_small
Depths:3: minmay_the_grid_square_5x5_4x4 [minmay_the_grid_square_5x5_shrine1,
          minmay_the_grid_square_5x5_longway,
          minmay_the_grid_square_5x5_intrusive_squares,
          minmay_the_grid_square_5x5_shuriken,
          minmay_the_grid_square_5x5_n_small,
          minmay_the_grid_square_5x5_prize_monsterx,
          minmay_the_grid_square_5x5_prize_junk,
          minmay_the_grid_square_5x5_two_walls_a,
          minmay_the_grid_square_5x5_comb,
          minmay_the_grid_square_5x5_prize_gold,
          minmay_the_grid_square_5x5_prize_rear_guard,
          minmay_the_grid_square_5x5_two_walls_b,
          minmay_the_grid_square_5x5_broken_cross,
          minmay_the_grid_square_5x5_bite,
          minmay_the_grid_square_5x5_inverted_slash,
          minmay_the_grid_square_5x5_eight], layout_gridlike, abyss_entry,
          pf_hell_entry_tar_river, minmay_hedge_maze, nicolae_alphabet_shops,
          minmay_staircase_bubble, uniq_grunn
Depths:4: grunt_zot_entry_bicorn, layout_cave_shapes, hell_entry,
          rand_demon_pan_entry_8
Zot:1:    layout_misc_corridors, grunt_megastairs_3
Zot:2:    layout_misc_corridors, drop_trap
Zot:3:    layout_gridlike
Zot:4:    layout_gridlike, uniq_tiamat
Zot:5:    layout_misc_corridors

Skill      XL: |  1  2  3  4  5  6  7  8  9 10 11 12 13 14 15 16 17 18 19 20 21 22 23 24 25 26 27 |
---------------+----------------------------------------------------------------------------------+-----
Spellcasting   | 5 6 7 8 9 10 11 12 13 14 15 16 17 18 19 20 | 20.5
Invocations    | 1 2 3 4 5 6 7 8 9 11 12 13 14 15 16 17 18 19 20 21 | 21.5
Short Blades   | 1 2 3 5 6 7 8 9 10 11 12 13 14 15 16 17 18 19 | 19.9
Long Blades    | 1 2 3 5 6 7 8 9 10 11 12 13 14 15 16 18 19 20 21 23 | 23.6
Axes           | 1 2 3 5 6 7 8 9 10 11 12 13 14 15 16 17 18 19 | 19.9
Maces & Flails | 1 2 3 5 6 7 8 9 10 11 12 13 14 15 16 17 18 19 21 | 21.9
Staves         | 1 2 3 5 6 7 8 9 10 11 12 13 14 15 16 17 18 19 | 19.9
Ranged Weapons | 1 2 3 5 6 7 8 9 10 11 12 13 14 15 16 17 18 19 | 19.9
Throwing       | 1 2 3 5 6 7 8 9 10 11 12 13 14 15 16 17 18 19 | 19.9
Armour         | 1 2 3 5 6 7 8 9 10 11 12 13 14 15 16 17 18 21 | 21.3
Stealth        | 1 2 3 5 6 7 8 9 10 11 12 13 14 15 16 17 18 19 | 19.9
Shields        | 1 2 3 5 6 7 8 9 10 11 12 13 14 15 16 17 19 20 22 | 22.6
Unarmed Combat | 1 2 3 5 6 7 8 9 10 11 12 13 14 15 16 17 18 19 | 19.9
Evocations     | 1 2 3 5 6 7 8 9 10 11 12 13 14 15 16 17 18 19 | 19.9
Hexes          | 1 2 3 4 5 6 7 8 9 10 11 12 13 14 15 17 | 17.0
Summonings     | 1 2 3 4 5 6 7 8 9 10 11 12 13 14 15 17 | 17.0
Necromancy     | 1 2 3 4 5 6 7 8 9 10 11 12 13 14 15 17 | 17.0
Translocations | 1 2 3 4 5 6 7 8 9 10 11 12 13 14 15 17 | 17.0
Transmutations | 1 2 3 4 5 6 7 8 9 10 11 12 13 14 15 17 | 17.0
Fire Magic     | 1 2 3 4 5 6 7 8 9 10 11 12 13 14 15 17 | 17.0
Ice Magic      | 1 2 3 4 5 6 7 8 9 10 11 12 13 14 15 17 | 17.0
Air Magic      | 1 2 3 4 5 6 7 8 9 10 11 12 13 14 15 16 17 18 19 20 | 20.9
Earth Magic    | 1 2 3 4 5 6 7 8 9 10 11 12 13 14 15 17 | 17.0
Poison Magic   | 1 2 3 4 5 6 7 8 9 10 11 12 13 14 15 17 | 17.0
Fighting       | 5 6 7 8 9 10 11 12 13 14 15 16 17 18 19 20 | 20.4
Dodging        | 5 6 7 8 9 10 11 12 13 14 15 16 17 18 19 20 | 20.4
Polearms       | 7 8 9 10 11 12 13 14 15 16 17 18 19 20 | 20.8
Conjurations   | 6 7 8 9 10 11 12 13 14 15 16 17 18 19 20 22 | 22.1

Action                   |  1- 3 |  4- 6 |  7- 9 | 10-12 | 13-15 | 16-18 | 19-21 | 22-24 | 25-27 || total
-------------------------+-------+-------+-------+-------+-------+-------+-------+-------+-------++-------
Melee: Spear             |   109 |   362 |   418 |       |       |       |       |       |       ||   889
       Bite              |     5 |    39 |    51 |    55 |    81 |    63 |    43 |    95 |   104 ||   536
       Punch             |     1 |     2 |     6 |    13 |    34 |       |       |       |       ||    56
       Dagger            |       |       |    10 |       |    54 |       |       |    20 |    83 ||   167
       Trident           |       |       |    35 |   166 |    12 |       |       |       |       ||   213
       Staff             |       |       |       |   139 |   176 |       |       |       |       ||   315
       Morningstar       |       |       |       |       |   174 |   386 |   291 |   377 |   454 ||  1682
       Headbutt          |       |       |       |       |       |       |       |       |   114 ||   114
       Kick              |       |       |       |       |       |       |       |       |    43 ||    43
 Fire: Longbow           |       |       |       |     3 |    21 |       |       |       |       ||    24
Throw: Dart              |       |    26 |    29 |    46 |   101 |   160 |       |     7 |    11 ||   380
       Boomerang         |       |       |    77 |     5 |   135 |   193 |   463 |   276 |       ||  1149
       Stone             |       |       |     1 |    65 |    65 |    65 |    47 |    51 |   119 ||   413
       Javelin           |       |       |       |       |     2 |     7 |    15 |    18 |    67 ||   109
       Throwing net      |       |       |       |       |       |       |       |       |     1 ||     1
 Cast: Momentum Strike   |       |       |     1 |     5 |     1 |       |       |       |       ||     7
       Hailstorm         |       |       |    27 |    52 |    38 |    15 |     9 |     7 |    18 ||   166
       Cigotuvi's Dreadf |       |       |     3 |     4 |     1 |     1 |       |       |       ||     9
       Call Imp          |       |       |     2 |    18 |     6 |     1 |       |       |       ||    27
       Poisonous Vapours |       |       |       |    79 |    59 |    94 |    32 |       |       ||   264
       Ignite Poison     |       |       |       |    31 |    27 |    10 |     2 |       |       ||    70
       Mephitic Cloud    |       |       |       |    26 |     8 |     8 |     2 |       |       ||    44
       Freezing Cloud    |       |       |       |       |    66 |    65 |    63 |    40 |    26 ||   260
       Fireball          |       |       |       |       |    69 |    73 |    44 |    32 |    21 ||   239
       Borgnjor's Vile C |       |       |       |       |       |    53 |    82 |    60 |    47 ||   242
       Statue Form       |       |       |       |       |       |    42 |    75 |    65 |    78 ||   260
       Iron Shot         |       |       |       |       |       |    16 |    66 |    46 |   120 ||   248
       Tukima's Dance    |       |       |       |       |       |       |    87 |    25 |    36 ||   148
       Dispel Undead     |       |       |       |       |       |       |    12 |    60 |    33 ||   105
       Spellforged Servi |       |       |       |       |       |       |     9 |    48 |    74 ||   131
       Orb of Destructio |       |       |       |       |       |       |       |    19 |    29 ||    48
       Lehudib's Crystal |       |       |       |       |       |       |       |       |    31 ||    31
       Infestation       |       |       |       |       |       |       |       |       |    12 ||    12
       Apportation       |       |       |       |       |       |       |       |       |     9 ||     9
       Vhi's Electric Ch |       |       |       |       |       |       |       |       |     4 ||     4
Invok: Slouch            |       |       |       |       |     1 |       |     4 |       |     2 ||     7
Evoke: Wand              |       |       |    14 |    19 |    18 |    18 |    46 |    18 |    82 ||   215
       Phantom mirror    |       |       |       |       |     1 |     3 |     3 |     1 |       ||     8
       Box of beasts     |       |       |       |       |     1 |     1 |     1 |     2 |     3 ||     8
       Lightning rod     |       |       |       |       |       |     7 |     9 |    18 |    13 ||    47
       Phial of floods   |       |       |       |       |       |       |     1 |       |       ||     1
       Condenser vane    |       |       |       |       |       |       |       |     2 |     6 ||     8
  Use: Scroll            |       |     6 |       |     3 |    17 |     6 |     6 |       |    16 ||    54
       Potion            |       |       |     7 |     1 |     2 |       |     1 |       |    16 ||    27
 Stab: Paralysed         |       |       |     2 |     1 |     2 |       |       |       |       ||     5
       Distracted        |       |       |     2 |     2 |     1 |       |     4 |    10 |    13 ||    32
       Confused          |       |       |       |    14 |     3 |     3 |     1 |       |       ||    21
       Sleeping          |       |       |       |     1 |     1 |       |     1 |     3 |    24 ||    30
       Petrified         |       |       |       |       |       |       |     2 |       |       ||     2
       Invisible         |       |       |       |       |       |       |       |       |     2 ||     2
Armor: Ring mail         |    25 |    13 |       |       |       |       |       |       |       ||    38
       Leather armour    |     1 |       |       |       |       |       |       |       |       ||     1
       Scale mail        |       |    82 |   135 |   125 |   121 |    18 |       |       |       ||   481
       Skin              |       |       |       |       |       |   128 |   121 |   220 |   301 ||   770
       Acid dragon scale |       |       |       |       |       |    15 |    23 |    19 |    30 ||    87
Dodge: Dodged            |    51 |   127 |   225 |   337 |   431 |   582 |   577 |   777 |  1036 ||  4143
       Repelled          |       |       |     3 |     3 |     6 |     2 |    17 |     4 |       ||    35
Block: Buckler           |       |       |       |       |    17 |   453 |   300 |   427 |   585 ||  1782
       Other             |       |       |       |       |     2 |       |       |       |       ||     2
       Reflection        |       |       |       |       |     1 |    26 |       |       |       ||    27

Table legend: (Time is in decaauts)
 A = Elapsed time spent in this place.
 B = Non-inter-level travel time spent in this place.
 C = Inter-level travel time spent in this place.
 D = Time resting spent in this place.
 E = Time spent auto-exploring this place.
 F = Levels seen in this place.
 G = Mean time per level.
                   A        B        C        D        E       F      G
               +--------+--------+--------+--------+--------+-----+--------+
         Total | 155744 | 119107 |  36637 |  28240 |  64017 |  59 | 2639.7 |
       Dungeon |  37929 |  27031 |  10898 |   7154 |  14376 |  15 | 2528.6 |
        Temple |    256 |    217 |     39 |      0 |    210 |   1 |  256.0 |
          Lair |  15215 |  12161 |   3054 |   3631 |   6398 |   5 | 3043.0 |
        Shoals |  10122 |   8561 |   1561 |   1369 |   5845 |   4 | 2530.5 |
   Spider Nest |   9651 |   8993 |    658 |   3087 |   4109 |   4 | 2412.8 |
    Slime Pits |   2071 |   1661 |    410 |    577 |    156 |   5 |  414.2 |
  Orcish Mines |   6592 |   4475 |   2117 |   1593 |   1952 |   2 | 3296.0 |
   Elven Halls |  11888 |   9065 |   2823 |   2100 |   4263 |   3 | 3962.7 |
        Vaults |  20702 |  14885 |   5817 |   2353 |   9236 |   5 | 4140.4 |
         Crypt |   9410 |   8064 |   1346 |   1081 |   5812 |   3 | 3136.7 |
        Depths |  13916 |   9433 |   4483 |   1487 |   6353 |   4 | 3479.0 |
           Zot |  13955 |  10530 |   3425 |   2706 |   5212 |   5 | 2791.0 |
        Bailey |   1428 |   1428 |      0 |    706 |     92 |   1 | 1428.0 |
       Volcano |   1155 |   1155 |      0 |    348 |      0 |   1 | 1155.0 |
      Gauntlet |   1447 |   1447 |      0 |     42 |      0 |   1 | 1447.0 |
               +--------+--------+--------+--------+--------+-----+--------+

Top non-repeatable levels by time:
    D:12: 5977 daAuts
   Elf:3: 5188 daAuts
Depths:3: 4600 daAuts
 Crypt:3: 4588 daAuts
Vaults:1: 4491 daAuts
Vaults:2: 4391 daAuts
Vaults:5: 4086 daAuts
Vaults:3: 3996 daAuts
    D:13: 3961 daAuts
    D:11: 3958 daAuts
   Elf:1: 3873 daAuts
   Orc:2: 3814 daAuts
   Zot:5: 3802 daAuts
  Lair:5: 3788 daAuts
    D:15: 3758 daAuts
